 Dungeon Crawl Stone Soup version 0.29.0-13-gc9e81de378 (webtiles) character file.

Game seed: 12460869755899119115

4 sentinel the Digger (level 1, 0/14 HPs)
             Began as a Meteoran Earth Elementalist on Sept 9, 2022.
             Slain by an iguana (8 damage)
             ... on level 4 of the Dungeon.
             The game lasted 00:00:29 (86 turns).

sentinel the Digger (Meteoran Earth Elementalist)     Turns: 86, Time: 00:00:29

Health: 0/14       AC:  2    Str:  9    XL:     1   Next: 85%
Magic:  3/5        EV: 12    Int: 16    God:
Gold:   0          SH:  0    Dex: 14    Spells: 4/5 levels left

rFire   . . .      SeeInvis .   (no weapon)
rCold   . . .      Faith    .   (no shield)
rNeg    . . .      Spirit   .   a - +0 robe
rPois   .          Reflect  .   (no helmet)
rElec   .          Harm     .   (no cloak)
rCorr   .          Rampage  .   (no gloves)
Will    .....                   (no boots)
Stlth   +.........              (no amulet)
HPRegen 0.04/turn               (no ring)
MPRegen 0.09/turn               (no ring)

@: glowing
A: sense surroundings 1, otherworldly, glowing, explore regen
a: no special abilities


You were on level 4 of the Dungeon.
You visited 1 branch of the dungeon, and saw 4 of its levels.

Inventory:

Armour
 a - a +0 robe (worn)
Scrolls
 c - a scroll of enchant weapon {unknown}
Potions
 b - a potion of magic


   Skills:
 - Level 2.4 Dodging
 - Level 1.4 Stealth
 - Level 2.6 Spellcasting
 - Level 1.2 Transmutations
 + Level 4.0 Earth Magic


You had 4 spell levels left.
You knew the following spells:

 Your Spells              Type           Power      Damage    Failure   Level
a - Sandblast             Erth           30%        2d9       3%          1

Your spell library contained the following spells:

 Spells                   Type           Power      Damage    Failure   Level
 Passwall                 Tmut/Erth      8%         N/A       10%         2
 Stone Arrow              Conj/Erth      16%        3d8       26%         3
 Petrify                  Tmut/Erth      10%        N/A       54%         4


Dungeon Overview and Level Annotations

Branches:
Dungeon (4/15) Zot: 2307
 Temple: D:4-7

Altars:


Innate Abilities, Weirdness & Mutations

You passively map a small area around you.
You are easily found by Zot.
You glow in the dark.
You regain HP and MP as you explore.


Message History

Welcome, sentinel the Meteoran Earth Elementalist.
If you return without finding the Orb of Zot, so far below, it's all over!
Press ? for a list of commands and other information.
Found a staircase leading out of the dungeon.
Found a transporter.
There is a transporter here.
You enter the transporter and appear at another place.
Found a stone staircase leading down.
A rat comes into view.
A rat is nearby!
A rat is nearby!
The blast of sand misses the rat.
The blast of sand misses the rat.
The rat bites you.
The blast of sand hits the rat.
You kill the rat!
You can't see any susceptible monsters within range! (Use Z to cast anyway.) HP restored.
Found 11 gold pieces.
Found 16 gold pieces.
Found 5 gold pieces and a club.
Magic restored.
Magic restored.
Found an escape hatch in the floor.
You see here a +0 club.
Found 11 gold pieces.
There is a stone staircase leading down here.
You climb downwards.
Found a scroll labelled VAN UWUTOGAHIA.
Found a stone staircase leading down.
There is a stone staircase leading up here.
The blast of sand hits the bat.
The bat is severely wounded.
The bat closely misses you.
The blast of sand misses the bat.
The bat hits you but does no damage. The bat hits you.
The blast of sand hits the bat!
You kill the bat!
c - a scroll labelled VAN UWUTOGAHIA
Found a stone staircase leading down.
An endoplasm comes into view.
The endoplasm quivers.
There is a stone staircase leading down here.
A frilled lizard comes into view.
The blast of sand hits the endoplasm.
You kill the endoplasm!
The frilled lizard hisses angrily.
The blast of sand misses the frilled lizard.
The blast of sand misses the frilled lizard.
The blast of sand hits the frilled lizard.
You kill the frilled lizard!
There is a stone staircase leading down here.
HP restored.
You climb downwards.
There is a stone staircase leading up here.
A kobold comes into view. It is wielding a +2 dagger of venom.
The kobold shouts!
Found 2 poisoned darts.
Found a stone staircase leading down.
The blast of sand hits the kobold.
You kill the kobold!
Your Earth Magic skill increases to level 4!
You can't see any susceptible monsters within range! (Use Z to cast anyway.)
You can't see any susceptible monsters within range! (Use Z to cast anyway.)
There is a stone staircase leading down here.
You climb downwards.
The iguana hisses angrily.
Found a book of Scorching.
There is a stone staircase leading up here.
The blast of sand hits the iguana but does no damage.
The iguana bites you.
The blast of sand hits the iguana!
The iguana is heavily wounded.
The iguana bites you!
Ouch! That really hurt!
You die...

* ###
,:.# *
*#.# , *
#.# * *
#.# #.#
#@# ,
*#l#** ,
... , *
##.##*,*
#.# #.#
> #.# *
* *...
,* , *


You could see an iguana.

Vanquished Creatures
  An endoplasm (D:2)
  A bat (D:2)
  A frilled lizard (D:2)
  A kobold (D:3)
  A rat (D:1)
5 creatures vanquished.

Notes
Turn   | Place    | Note
-------+----------+-------------------------------------------
     0 | D:1      | sentinel the Meteoran Earth Elementalist began the quest
                  | for the Orb.
     0 | D:1      | Reached XP level 1. HP: 14/14 MP: 5/5
    75 | D:3      | Reached skill level 4 in Earth Magic
    84 | D:4      | Noticed an iguana
    86 | D:4      | Slain by an iguana

Illustrated notes

Levels and vault maps discovered:
D:1:      spicycebolla_arrival_risky_transporter, layout_basic,
          minmay_misc_feat_rows
D:2:      layout_rooms, minmay_cut_off
D:3:      layout_loops_ring, minitemple, chequers_ecumenical_altar_twisty,
          uniq_natasha, uniq_robin
D:4:      layout_loops_ring, mainiacjoe_overflow_brackets,
          nemelex_diamond_rough_becter, serial_shops, nicolae_shop_trees,
          uniq_menkaure, uniq_pikel

Skill      XL: |  1 |
---------------+----+-----
Earth Magic    | 4 |  4.0
Dodging        | |  2.4
Stealth        | |  1.4
Spellcasting   | |  2.6
Transmutations | |  1.2

Action                   || total
-------------------------++-------
 Cast: Sandblast         ||    13
Armor: Robe              ||     1
Dodge: Dodged            ||     1
